Map: Nightshade LE

Players

PotentialCam - Winner!

  • Race: Zerg Zerg
  • Spawn Location: 5:00

A.I. 1 (Very Easy)

  • Race: Zerg Zerg
  • Spawn Location: 11:00

VOD

Have the link to the VOD?

Description

Time

  • Played on: Dec. 26, 2019, 6:34 p.m.
  • Length: 10:35
Show
View Real Time Build Order
Export as new Build Order

PotentialCam Zerg - Winner!

Build Orders: Hatch First 

Get SALT Encoding   

  12  0:02  Drone  
  13  0:12  Overlord  
  13  0:16  Drone  
  14  0:30  Drone  
  14  0:31  Drone  
  14  0:34  Drone  
  17  0:52  Hatchery  
  17  0:55  Drone  
  17  0:58  Drone  
  18  1:10  Extractor  
  17  1:13  Spawning Pool  
  17  1:16  Drone  
  17  1:19  Drone  
  18  1:28  Drone  
  19  1:38  Overlord  
  19  1:49  Drone  
  20  2:01  Zergling x2  
  21  2:03  Queen x2  
  21  2:04  Zergling x2  
  26  2:13  Metabolic Boost  
  26  2:15  Drone x2  
  28  2:22  Drone  
  29  2:25  Overlord  
  29  2:32  Drone  
  30  2:37  Drone  
  30  2:39  Queen  
  30  2:44  Drone  
  34  2:47  Drone  
  35  2:53  Overlord  
  35  2:57  Overlord  
  35  3:05  Drone  
  36  3:08  Drone  
  36  3:12  Drone x3  
  40  3:17  Queen x2  
  44  3:27  Drone x2  
  46  3:28  Drone  
  46  3:31  Hatchery  
  46  3:34  Drone  
  47  3:38  Drone  
  47  3:40  Drone  
  49  3:46  Overlord x2  
  49  3:48  Drone x4  
  53  3:56  Queen  
  53  3:58  Queen  
  57  4:05  Drone x2  
  57  4:06  Overlord  
  57  4:08  Overlord  
  59  4:14  Drone x2  
  61  4:23  Drone x3  
  64  4:25  Zergling x2  
  64  4:26  Zergling x4  
  67  4:33  Drone x2  
  69  4:43  Evolution Chamber  
  68  4:45  Evolution Chamber  
  68  4:48  Queen  
  68  4:49  Queen x2  
  73  5:00  Drone x4  
  73  5:01  Drone x4  
  81  5:10  Baneling Nest  
  81  5:11  Zerg Melee Weapons Level 1  
  81  5:15  Zerg Ground Armor Level 1  
  81  5:18  Drone x6  
  81  5:19  Drone  
  88  5:24  Extractor x2  
  88  5:26  Extractor  
  85  5:29  Extractor  
  85  5:33  Baneling Nest  
  83  5:55  Hatchery  
  82  5:57  Hatchery  
  82  5:58  Lair  
  81  6:04  Drone  
  81  6:05  Drone x6  
  81  6:06  Drone  
  81  6:08  Overlord  
  88  6:18  Hatchery  
  88  6:19  Zergling x2  
  88  6:20  Zergling x18  
  88  6:21  Overlord  
  88  6:25  Overlord  
  97  6:26  Overlord x2  
  97  6:28  Overlord x3  
  97  6:37  Baneling  
  97  6:38  Baneling x8  
  97  6:56  Hydralisk Den  
  97  6:57  Drone  
  97  7:01  Zergling x16  
  98  7:02  Zergling x8  
  109  7:14  Centrifical Hooks  
  109  7:15  Zerg Ground Armor Level 2, Zerg Melee Weapons Level 2  
  109  7:17  Zergling x2  
  109  7:18  Zergling x4  
  112  7:33  Grooved Spines  
  109  8:44  Muscular Augments  
Show
View Real Time Build Order
Export as new Build Order

A.I. 1 (Very Easy) Zerg 

Build Orders: Pool First 

Get SALT Encoding   

  12  0:00  Drone  
  13  0:12  Overlord  
  13  0:16  Drone  
  14  0:34  Spawning Pool  
  13  0:37  Drone  
  13  0:41  Extractor  
  13  0:44  Drone  
  14  0:51  Overlord  
  14  1:21  Queen, Zergling x2  
  17  1:29  Roach Warren  
  17  1:31  Extractor  
  15  1:35  Drone  
  15  1:39  Zergling x2  
  17  1:43  Drone  
  18  1:57  Drone, Zergling x2  
  20  2:08  Drone  
  21  2:18  Drone  
  22  2:28  Drone  
  22  2:29  Overlord  
  23  2:35  Drone  
  24  2:42  Drone  
  25  5:44  Drone  
  25  5:45  Lair  
  26  5:52  Drone  
  27  5:59  Drone  
  28  6:06  Drone  
  28  6:07  Overlord  
  28  6:10  Zergling x2  
  28  6:13  Drone  
  28  6:35  Zergling x2  
  29  6:42  Overseer  
  29  6:44  Spire  
  29  6:45  Overseer  
  28  7:00  Zergling x2  
  28  7:25  Zergling x2  
  28  7:27  Hatchery  
  26  7:39  Drone  
  8  7:45  Drone x2  
Tags
 
Add a new tag
Caveats
  • Supply blocks, unpowered buildings, or Contaminate may cause inaccurate times.
  • Supply counts are checked every 10 seconds.